 Dungeon Crawl Stone Soup version 0.27.1-33-g824d729ab1 (webtiles) character file.

Game seed: 8469503361018537203

27 Tigers101 the Insei (level 2, 0/20 HPs)
             Began as a Demigod Wanderer on Dec 12, 2021.
             Slain by a jackal (2 damage)
             ... on level 2 of the Dungeon.
             The game lasted 00:04:24 (1258 turns).

Tigers101 the Insei (Demigod Wanderer)              Turns: 1258, Time: 00:04:25

Health: 0/20       AC:  3    Str: 14    XL:     2   Next: 72%
Magic:  5/5        EV: 11    Int: 12    God:
Gold:   10         SH:  0    Dex: 14    Spells: 2/3 levels left

rFire    . . .     SeeInvis .   a - +0 club
rCold    . . .     Faith    .   (no shield)
rNeg     . . .     Spirit   .   d - +0 leather armour
rPois    .         Reflect  .   (no helmet)
rElec    .         Harm     .   (no cloak)
rCorr    .         Rampage  .   (no gloves)
Will     .....                  (no boots)
Stlth    +.........             g - amulet of the acrobat
HPRegen  0.06/turn              (no ring)
MPRegen  0.09/turn              (no ring)

@: no status effects
A: high mp 1, forlorn
a: no special abilities


You were on level 2 of the Dungeon.
You visited 1 branch of the dungeon, and saw 2 of its levels.

You collected 10 gold pieces.

Inventory:

Hand Weapons
 a - a +0 club (weapon)
 c - a +0 whip
 e - a +0 hand axe
Missiles
 b - 2 throwing nets (quivered)
 f - 12 poisoned darts
Armour
 d - a +0 leather armour (worn)
Jewellery
 g - an amulet of the acrobat (around neck)


   Skills:
 + Level 0.7 Maces & Flails
 + Level 1.0 Armour
 + Level 1.2 Dodging
 + Level 1.2 Stealth
 + Level 2.1 Unarmed Combat
 + Level 1.0 Spellcasting
 + Level 2.0 Hexes
 + Level 1.8 Earth Magic
 + Level 1.0 Evocations


You had 2 spell levels left.
You knew the following spells:

 Your Spells              Type           Power      Damage    Failure   Level
a - Summon Small Mammal   Summ           0%         N/A       36%         1

Your spell library contained the following spells:

 Spells                   Type           Power      Damage    Failure   Level
 Call Canine Familiar     Summ           0%         N/A       73%         3


Dungeon Overview and Level Annotations

Branches:
Dungeon (2/15)


Innate Abilities, Weirdness & Mutations

Your attributes grow dramatically as you level up.
You have an increased reservoir of magic. (+10% MP)
You shall have no god before yourself.


Message History

The jackal bites you. The jackal closely misses you.
You climb downwards.
There is a stone staircase leading up here.
You hit the jackal but do no damage.
The jackal is heavily wounded.
The jackal bites you. x2; The jackal closely misses you.
The jackal barely misses you.
You miss the jackal.
The jackal is heavily wounded.
The jackal bites you. The jackal closely misses you. x2
The jackal misses you.
You closely miss the jackal.
The jackal is heavily wounded.
The jackal closely misses you.
The jackal bites you but does no damage.
The jackal closely misses you. The jackal barely misses you.
You hit the jackal but do no damage.
The jackal is heavily wounded.
The jackal misses you.
The jackal bites you but does no damage.
You closely miss the jackal.
The jackal is heavily wounded.
The jackal closely misses you. The jackal bites you.
* * * LOW HITPOINT WARNING * * *
The jackal closely misses you.
The jackal bites you but does no damage.
Your leather armour prevents you from hitting the jackal.
The jackal is heavily wounded.
The jackal bites you.
* * * LOW HITPOINT WARNING * * *
The jackal completely misses you. The jackal barely misses you.
The jackal bites you.
* * * LOW HITPOINT WARNING * * *
You hit the jackal.
You kill the jackal!
The jackal barely misses you.
You hit the jackal but do no damage. The jackal bites you.
* * * LOW HITPOINT WARNING * * *
The jackal bites you.
You die...

## .. #. #.
##
######.##.#
.........#
......h@.#
.........#
...........
.........#.#
###########..
.⌠. .⌠. ..


You could see a jackal.

Vanquished Creatures
  A dart slug (D:1)
  7 bats (D:1)
  3 goblins (D:1)
  3 jackals
  2 kobolds (D:1)
  A quokka (D:1)
  4 ball pythons (D:1)
  A frilled lizard (D:1)
  2 rats (D:1)
24 creatures vanquished.

Vanquished Creatures (others)
  6 plants (D:2)
6 creatures vanquished.

Grand Total: 30 creatures vanquished

Notes
Turn   | Place    | Note
-------+----------+-------------------------------------------
     0 | D:1      | Tigers101 the Demigod Wanderer began the quest for the Orb.
     0 | D:1      | Tigers101 set off with the following items: a +0 club, 3
                  | throwing nets, a potion of curing, a +0 leather armour; and
                  | the following spell memorised: Summon Small Mammal; and the
                  | following spells available to memorise: Call Canine
                  | Familiar
     0 | D:1      | Reached XP level 1. HP: 14/14 MP: 4/4
   371 | D:1      | Reached XP level 2. HP: 13/20 MP: 5/5
   984 | D:2      | Reached skill level 1 in Armour
  1258 | D:2      | Slain by a jackal

Illustrated notes

Levels and vault maps discovered:
D:1:      dpeg_arrival_short_road, layout_loops_ring, minmay_misc_feat_alley,
          glass_columns_a
D:2:      layout_loops_cross, shapermc_ecumenical_altar_venn, basic_altar,
          serial_forest, infiniplex_forest_join, infiniplex_forest_end_3,
          infiniplex_forest_clump_diagonal, infiniplex_forest_corner_1,
          minmay_pentomino_z2

Skill      XL: |  1  2 |
---------------+-------+-----
Unarmed Combat | 2 |  2.1
Hexes          | 2 |  2.0
Armour         | 1 |  1.0
Maces & Flails | |  0.7
Dodging        | |  1.2
Stealth        | |  1.2
Spellcasting   | |  1.0
Earth Magic    | |  1.8
Evocations     | |  1.0

Action                   || total
-------------------------++-------
Melee: Club              ||   126
       Punch             ||     1
Throw: Throwing net      ||     1
  Use: Potion            ||     2
       Scroll            ||     1
 Stab: Sleeping          ||     2
Armor: Leather armour    ||    67
Dodge: Dodged            ||   175
